 Dungeon Crawl Stone Soup version 0.32-a0-361-g289a535e89 (webtiles) character file.

Game seed: 12176642539299640452

823 Sobieck the Carver (level 7, -6/52 HPs)
             Began as a Coglin Berserker on Feb 18, 2024.
             Was a Priest of Trog.
             Mangled by a gnoll sergeant
             ... wielding a +0 trident
              (11 damage)
             ... on level 6 of the Dungeon.
             The game lasted 00:05:37 (5245 turns).

Sobieck the Carver (Coglin Berserker)               Turns: 5245, Time: 00:05:37

Health: -6/52      AC:  3    Str: 17    XL:     7   Next: 96%
Magic:  7/7        EV: 12    Int:  6    God:    Trog [***...]
Gold:   212        SH:  0    Dex: 16    Spells: 6/6 levels left

rFire   . . .        s - +0 scimitar {Bunsong}
rCold   . . .        m - +1 dagger (venom) {Leofric}
rNeg    . . .        b - +0 animal skin
rPois   .            f - +0 helmet
rElec   .            (no cloak)
rCorr   .            (no gloves)
SInv    .            (no boots)
Will    .....        (no amulet)
Stlth   +            (no ring)
HPRegen 0.28/turn    (no ring)
MPRegen 0.10/turn

%: no passive effects
@: revving
A: off-hand wielding, slow wielding, warmup strikes, warmup strides
a: Renounce Religion, Berserk, Trog's Hand


You were on level 6 of the Dungeon.
You worshipped Trog.
Trog was most pleased with you.
You visited 1 branch of the dungeon, and saw 6 of its levels.

You collected 336 gold pieces.
You spent 124 gold pieces at shops.

Inventory:

Hand Weapons
 a - a +0 falchion {Quintus}
 g - a +0 dagger {Kulveer}
 m - a +1 dagger of venom (worn) {Leofric}
 s - a +0 scimitar (weapon) {Bunsong}
Missiles
 j - 12 stones (quivered)
 k - 10 poisoned darts
 t - 6 boomerangs
Armour
 b - a +0 animal skin (worn)
 f - a +0 helmet (worn)
 i - a +2 tower shield of poison resistance
Jewellery
 c - a ring of fire
Wands
 p - a wand of polymorph (12)
 r - a wand of roots (2)
 V - a wand of flame (14)
Scrolls
 e - 2 scrolls of enchant armour {unknown}
 q - a scroll of vulnerability {unknown}
 R - a scroll of identify
Potions
 d - a potion of lignification {unknown}
 h - 2 potions of enlightenment
 l - 2 potions of attraction
 n - a potion of brilliance {unknown}
 o - a potion of invisibility {unknown}


   Skills:
 - Level 3.0 Fighting
 * Level 9.2 Long Blades
 - Level 1.7 Armour
 - Level 1.7 Dodging


You had 6 spell levels left.
You didn't know any spells.
Your spell library was empty.

Dungeon Overview and Level Annotations

Branches:
Dungeon (6/15)
 Temple: D:4-7

Altars:
Kikubaaqudgha
Trog
Zin

Shops:
D:5 (


Innate Abilities, Weirdness & Mutations

You can wield a second weapon in your off-hand.
It takes a long time for you to wield or remove held weapons.
Your first few attacks do less damage.
Your first movements take longer.


Message History

Unknown command.
A gnoll sergeant comes into view. It is wielding a +0 trident.
The gnoll hits you but does no damage.
The gnoll sergeant hits you from afar with a +0 trident!
You barely miss the gnoll with your +1 dagger of venom.
You slash the gnoll with your +0 scimitar!
You hit the gnoll with your +0 scimitar.
The gnoll is almost dead.
You hit the gnoll but do no damage.
The gnoll is poisoned.
You kill the gnoll!
Trog accepts your kill.
A water moccasin comes into view.
The gnoll sergeant closely misses you.
You slash the gnoll with your +0 scimitar!
The gnoll is almost dead.
You hit the gnoll with your +1 dagger of venom.
You kill the gnoll!
Trog accepts your kill. The gnoll sergeant barely misses you.
A gnoll comes into view. It is wielding a +0 spear.
The gnoll shouts!
The gnoll closely misses you.
The gnoll sergeant hits you with a +0 trident!
* * * LOW HITPOINT WARNING * * *
The gnoll sergeant hits you with a +0 trident.
* * * LOW HITPOINT WARNING * * *
The gnoll misses you.
Things that are here:
a +0 club; a +0 spear; a gnoll corpse You are too injured to fight recklessly!
You are too injured to fight recklessly!
You are too injured to fight recklessly!
Unknown command.
You barely miss the gnoll sergeant with your +0 scimitar.
You hit the gnoll sergeant but do no damage.
The gnoll sergeant is poisoned.
The gnoll hits you from afar with a +0 spear!
* * * LOW HITPOINT WARNING * * *
The gnoll sergeant closely misses you. The water moccasin bites you!
* * * LOW HITPOINT WARNING * * *
You hit the gnoll sergeant but do no damage.
The gnoll sergeant looks as sick as possible!
The gnoll sergeant is lightly wounded.
You closely miss the gnoll sergeant with your +0 scimitar.
The water moccasin barely misses you. The gnoll barely misses you.
The gnoll sergeant hits you with a +0 trident!
* * * LOW HITPOINT WARNING * * *
Unknown command.
The gnoll sergeant hits you from afar with a +0 trident!
You die...

... #.. #.# #.#
#.# ######.###
#...gg...#
#S#.# #@#.#
###.#.######
#...<.......
.........######
#........#
#####...##
##.## #.# #.#


You could see a water moccasin and a gnoll sergeant (extremely poisoned).

Vanquished Creatures
  A black bear (D:5)
  2 bombardier beetles
  A gnoll bouda (D:5)
  5 hounds
  A sleepcap (D:4)
  Terence (D:2)
  Ijyb (D:3)
  2 iguanas (D:4)
  An orc wizard (D:4)
  Robin (D:3)
  9 gnolls
  8 adders
  3 dart slugs
  2 ribbon worms
  6 orcs
  6 ball pythons
  5 bats
  5 endoplasms
  6 giant cockroaches
  11 goblins
  15 hobgoblins
  3 quokkas
  4 frilled lizards
  2 kobolds
  6 rats
107 creatures vanquished.

Notes
Turn   | Place    | Note
-------+----------+-------------------------------------------
     0 | D:1      | Sobieck the Coglin Berserker began the quest for the Orb.
     0 | D:1      | Reached XP level 1. HP: 18/18 MP: 1/1
   126 | D:1      | Reached XP level 2. HP: 14/24 MP: 2/2
   455 | D:1      | Reached skill level 4 in Long Blades
   467 | D:1      | Reached XP level 3. HP: 29/29 MP: 3/3
  1167 | D:2      | Reached ** piety under Trog
  1205 | D:2      | Reached XP level 4. HP: 34/35 MP: 4/4
  1490 | D:2      | Reached skill level 5 in Long Blades
  1661 | D:2      | Found a glowing silver altar of Zin.
  1666 | D:2      | Noticed Terence
  1680 | D:2      | Killed Terence
  1986 | D:2      | Noticed Robin
  2006 | D:3      | Reached XP level 5. HP: 33/41 MP: 5/5
  2190 | D:3      | Killed Robin
  2378 | D:3      | Noticed Ijyb
  2379 | D:3      | Found an ancient bone altar of Kikubaaqudgha.
  2392 | D:3      | Killed Ijyb
  2393 | D:3      | Reached skill level 6 in Long Blades
  3154 | D:3      | Reached XP level 6. HP: 38/47 MP: 6/6
  3591 | D:4      | Reached skill level 7 in Long Blades
  3656 | D:4      | You fall into a shaft and drop 1 floor!
  3656 | D:5      | Entered Level 5 of the Dungeon
  3942 | D:4      | Reached XP level 7. HP: 48/52 MP: 7/7
  4032 | D:4      | Reached *** piety under Trog
  4040 | D:4      | Reached skill level 8 in Long Blades
  4735 | D:5      | Found a bloodstained altar of Trog.
  4869 | D:5      | Identified the staff "Ilodurhilu" {rElec rF+ Int-2 SInv Air
                  | Alchemy}
  5101 | D:5      | Reached skill level 9 in Long Blades
  5145 | D:5      | Found Elawku's Antique Weapon Shop.
  5149 | D:5      | Bought a scimitar for 124 gold pieces
  5245 | D:6      | Mangled by a gnoll sergeant

Illustrated notes

Levels and vault maps discovered:
D:1:      minmay_arrival_semitransparent, layout_basic
D:2:      layout_loops_cross, basic_altar, grunt_decor_clamped,
          hangedman_decor_diamond_cutter, minmay_misc_feat_plants, uniq_terence,
          uniq_robin
D:3:      layout_loops_corners, kiku_gazebo_pond_becter, uniq_ijyb
D:4:      layout_basic, minivault_26
D:5:      layout_basic, mainiacjoe_overflow_concentric_impassable, serial_shops,
          nicolae_shop_back_alley_shop
D:6:      layout_loops_corners, lemuel_coloured_pillars_altar,
          mainiacjoe_overflow_boulevard, minmay_quadrilaterals

Skill      XL: |  1  2  3  4  5  6  7 |
---------------+----------------------+-----
Long Blades    | 4 5 6 7 9 |  9.2
Fighting       | |  3.0
Armour         | |  1.7
Dodging        | |  1.7

Action                     |  1- 3 |  4- 6 |  7- 9 || total
---------------------------+-------+-------+-------++-------
  Melee: Falchion          |    63 |   172 |    66 ||   301
         Dagger            |    42 |   164 |    68 ||   274
         Scimitar          |       |       |     5 ||     5
  Throw: Stone             |       |    13 |     1 ||    14
 Invoke: Berserk           |       |     2 |     1 ||     3
    Use: Scroll            |       |     4 |     1 ||     5
   Stab: Sleeping          |     3 |     2 |     2 ||     7
 Armour: Animal skin       |    37 |    93 |    47 ||   177
  Dodge: Dodged            |    48 |   105 |    38 ||   191

Table legend: (Time is in decaauts)
 A = Elapsed time spent in this place.
 B = Non-inter-level travel time spent in this place.
 C = Inter-level travel time spent in this place.
 D = Time resting spent in this place.
 E = Time spent auto-exploring this place.
 F = Levels seen in this place.
 G = Mean time per level.
                   A        B        C        D        E       F      G
               +--------+--------+--------+--------+--------+-----+--------+
         Total |   5425 |   5236 |    189 |    935 |   3497 |   6 |  904.2 |
       Dungeon |   5425 |   5236 |    189 |    935 |   3497 |   6 |  904.2 |
               +--------+--------+--------+--------+--------+-----+--------+

Top non-repeatable levels by time:
     D:3: 1473 daAuts
     D:2: 1248 daAuts
     D:5: 1022 daAuts
     D:1: 944 daAuts
     D:4: 728 daAuts
     D:6: 9 daAuts
